 Dungeon Crawl Stone Soup version 0.20-a0-1122-gb7cbeb9 (webtiles) character file.

2389094 mopl the Impassioned (level 27, 231/231 HPs)
             Began as a Minotaur Monk on May 11, 2017.
             Was a Follower of Uskayaw.
             Escaped with the Orb
             ... and 4 runes on May 12, 2017!
             The game lasted 03:31:42 (71727 turns).

mopl the Impassioned (Minotaur Monk)               Turns: 71727, Time: 03:31:43

Health: 231/231    AC: 42    Str: 26    XL:     27
Magic:  34/34      EV: 25    Int:  9    God:    Uskayaw [*.....]
Gold:   4004       SH: 18    Dex: 25    Spells: 26/39 levels left

rFire    + . .     SeeInvis +   h - +6 eveningstar of Uskayaw's Regard {speed, rPois SInv}
rCold    + . .     Gourm    .   H - +2 shield {reflect}
rNeg     + . .     Faith    .   Z - +10 pearl dragon scales
rPois    +         Spirit   .   G - +2 hat {SInv}
rElec    +         Reflect  +   f - +2 cloak {MR+}
rCorr    .         Harm     .   S - +2 pair of gloves {Dex+3}
MR       ++++.                  d - +2 pair of boots {Fly}
Stlth    ++........             Q - amulet of regeneration
Regen    0.9/turn               E - ring "Udixei Jurisk" {*Contam rPois rC+ MR+ Int+2, =R}
MPRegen  0.3/turn               U - ring of Eternity {rElec rF+ Str+3 Dex+3}

@: flying, hasted, very quick
A: retaliatory headbutt, horns 2, thin metallic scales 1
0: Orb of Zot
}: 4/15 runes: decaying, serpentine, slimy, silver
a: Stomp, Renounce Religion, Stop Flying


You escaped.
You worshipped Uskayaw.
Uskayaw was most pleased with you.
You were not hungry.

You visited 12 branches of the dungeon, and saw 58 of its levels.
You visited the Abyss 1 time.
You also visited: Sewer, Ice Cave and Volcano.

You collected 10110 gold pieces.
You spent 6106 gold pieces at shops.

Inventory:

Hand Weapons
 a - a +9 demon whip of electrocution
 b - a +9 sacred scourge of holy wrath (quivered)
 h - the +6 eveningstar of Uskayaw's Regard (weapon) {speed, rPois SInv}
   (You took it off a tengu conjurer on level 3 of the Depths)

   Attacks with this weapon are significantly faster.
   It protects you from poison.
   It lets you see invisible.
Missiles
 V - a throwing net
Armour
 d - a +2 pair of boots of flying (worn)
 f - a +2 cloak of magic resistance (worn)
 G - a +2 hat of see invisible (worn)
 H - a +2 shield of reflection (worn)
 J - the +6 chain mail of the Four Orbs {rF+ rN+ rCorr}
   (You found it on level 1 of the Swamp)

   It protects you from fire.
   It protects you from negative energy.
   It protects you from acid and corrosion.
 K - a scarf of cloud immunity
 R - +0 gold dragon scales
 S - a +2 pair of gloves of dexterity (worn)
 Z - +10 pearl dragon scales (worn)
Jewellery
 E - the ring "Udixei Jurisk" (left hand) {*Contam rPois rC+ MR+ Int+2, =R}
   (You bought it in a shop on level 1 of the Snake Pit)

   [ring of protection from magic]

   It affects your intelligence (+2).
   It protects you from cold.
   It protects you from poison.
   It affects your resistance to hostile enchantments.
   It causes magical contamination when unequipped.
 P - the ring of Nirche {rN+ Dex+4 Slay+3}
   (You took it off a necromancer on level 3 of the Crypt)

   [ring of positive energy]

   It affects your dexterity (+4).
   It affects your accuracy and damage with ranged weapons and melee attacks
   (+3).
   It protects you from negative energy.
 Q - an amulet of regeneration (around neck)
 U - the ring of Eternity (right hand) {rElec rF+ Str+3 Dex+3}
   (You took it off a vault sentinel on level 5 of the Vaults)

   [ring of protection from fire]

   It affects your strength (+3).
   It affects your dexterity (+3).
   It protects you from fire.
   It insulates you from electricity.
Wands
 k - a wand of scattershot (7/9)
 u - a wand of acid (11/15)
 z - a wand of polymorph (15/24)
 C - a wand of iceblast (11/15)
 W - a wand of digging (10/24)
Scrolls
 e - 25 scrolls of teleportation
 l - 20 scrolls of remove curse
 m - 6 scrolls of vulnerability
 n - 11 scrolls of fog
 q - 2 scrolls of silence {!r}
 r - 8 scrolls of blinking
 t - 4 scrolls of summoning
 v - 5 scrolls of fear
 B - 6 scrolls of magic mapping
 X - 6 scrolls of identify
Potions
 g - 6 potions of resistance
 o - 7 potions of agility
 p - 6 potions of might
 s - 7 potions of invisibility
 w - 10 potions of lignification {!q}
 A - 21 potions of curing
 D - 5 potions of berserk rage {!q}
 L - 13 potions of heal wounds
 N - 5 potions of haste
 T - a potion of ambrosia
 Y - 7 potions of cancellation
Miscellaneous
 i - a lightning rod (4/4)
 x - 3 phantom mirrors
 y - a fan of gales
 F - a phial of floods
 I - 2 boxes of beasts
 M - 6 sacks of spiders
 O - a lamp of fire
Comestibles
 c - 22 bread rations


   Skills:
 - Level 16.0 Fighting
 - Level 16.0 Maces & Flails
 - Level 16.0 Throwing
 - Level 16.0 Armour
 - Level 16.0 Dodging
 - Level 16.0 Stealth
 - Level 15.0 Shields
 + Level 6.5 Spellcasting
 + Level 13.1 Charms
 + Level 13.5 Necromancy
 - Level 8.0 Translocations
 - Level 8.0 Transmutations
 - Level 8.0 Air Magic
 - Level 8.0 Earth Magic
 - Level 17.0 Invocations
 - Level 16.0 Evocations


You had 26 spell levels left.
You knew the following spells:

 Your Spells              Type           Power        Failure   Level  Hunger
a - Apportation           Tloc           ###...       1%          1    None
c - Corpse Rot            Necr           N/A          1%          2    ##.....
e - Blink                 Tloc           N/A          2%          2    ##.....
n - Swiftness             Chrm/Air       ###.....     1%          2    ##.....
p - Passwall              Tmut/Erth      ###.......   2%          2    ##.....
r - Regeneration          Chrm/Necr      ####......   1%          3    ###....
x - Animate Skeleton      Necr           N/A          1%          1    None


Dungeon Overview and Level Annotations

Branches:
Dungeon (15/15)            Temple (1/1) D:4            Lair (6/6) D:8
  Swamp (4/4) Lair:4        Snake (4/4) Lair:3        Slime (5/5) Lair:6
    Orc (2/2) D:12            Elf (3/3) Orc:2        Vaults (5/5) D:14
  Crypt (3/3) Vaults:3       Tomb (0/3) Crypt:3      Depths (5/5) D:15
    Zot (5/5) Depths:5

Altars:
Ashenzari
Cheibriados
Dithmenos
Elyvilon
Fedhas
Gozag
Hepliaklqana
Kikubaaqudgha
Makhleb
Nemelex Xobeh
Okawaru
Qazlal
Ru
Sif Muna
Trog
Uskayaw
Vehumet
Wu Jian
Xom
Yredelemnul
Zin
The Shining One
Beogh
Jiyva

Shops:
D:10 [=?=}   D:12 %   Orc:2 *!*:   Elf:3 !   Snake:1 =}=   Vaults:3 =
Vaults:4 !   Depths:4 %?:*   Depths:5 !

Portals:
Hell: Depths:1 Depths:2 Depths:3 Depths:4 Depths:5
Abyss: Depths:4 Depths:5
Pandemonium: Depths:1 Depths:3
Ziggurat: Depths:2

Annotations:
Elf:2 5 runed doors


Innate Abilities, Weirdness & Mutations

You reflexively headbutt those who attack you in melee.
You have a pair of horns on your head.
You are partially covered in thin metallic scales. (AC +2)


Message History

(H) Hell (Z) Zot
Where to? (Enter - D:1 @ (x,y), ? - help)
Your skin is crawling a little less now.
You can no longer pass through a line of other dancers.
You see here a club.
Your skin stops crawling.
Magic restored.
HP restored.
A ynoxinul comes into view.
You impale the ynoxinul!! You headbutt the ynoxinul.
The ynoxinul is almost dead.
You impale the ynoxinul!!
You kill the ynoxinul!
No target in view!
An Orb Guardian comes into view.
You see here a robe.
There is a staircase leading out of the dungeon here.
Quiver which item? (- for none, * to show all) (? for menu, Esc to quit)
Quivering
b - a +9 sacred scourge of holy wrath for throwing.
You have escaped!

###########
#@.......>#
#X........#
#.........#
#.........##≈≈#
#.........#≈≈≈#
#[........#≈≈#
#........≈≈≈≈#
######
#...≈.≈≈≈≈≈≈##
#....#
###≈≈≈≈.≈≈≈≈≈##


You could see an Orb Guardian.

Vanquished Creatures
  the Royal Jelly (Slime:5)
  6 ancient liches
  4 orbs of fire
  Mara (Crypt:1)
  Mennas (Vaults:2)
  2 juggernauts (Depths:5)
  Boris (Crypt:1)
  3 Killer Klowns (Zot:5)
  Xtahua (Vaults:3)
  Saint Roka (Vaults:1)
  Margery (Depths:5)
  A curse toe (Zot:5)
  2 caustic shrikes (Depths:5)
  Vashnia (Snake:4)
  Nikola (Lair:4)
  13 golden dragons
  The ghost of AnCiEnTStOnEBeAsT the Executioner, an adept HOFi of Beogh (Vaults:5)
  Jory (Crypt:1)
  2 electric golems
  Jorgrun (Vaults:3)
  The ghost of 4thArraOfDagon the Minotaur Blade, an adept MiBe of Trog (Vaults:5)
  20 tentacled monstrosities
  2 deep elf blademasters (Elf:3)
  10 liches
  30 Orb Guardians
  9 quicksilver dragons
  Asterion (Snake:4)
  5 titans (Vaults:5)
  7 death cobs
  16 acid blobs
  Gastronok (Lair:1)
  A tentacled starspawn (Abyss:2)
  4 ancient champions (Crypt:1)
  5 sphinxes
  9 tengu reavers
  16 shadow dragons
  2 thorn hunters
  6 draconian monks
  4 revenants
  6 azure jellies (Slime:5)
  An azure jelly (shapeshifter) (Depths:2)
  18 storm dragons
  8 fire giants
  10 nagarajas
  A daeva (Depths:5)
  Roxanne (Snake:1)
  3 iron dragons
  2 ghost moths
  5 frost giants
  Donald (Crypt:1)
  5 draconian knights
  18 vault wardens
  Louise (Swamp:1)
  9 draconian shifters
  9 deep elf sorcerers
  8 draconian scorchers
  A balrug (Depths:3)
  3 curse skulls (Crypt:3)
  9 deep elf elementalists
  15 ironheart preservers
  5 draconian annihilators
  2 angels (Depths:2)
  Aizul (Swamp:1)
  3 draconian stormcallers
  A spriggan defender (Depths:5)
  15 very ugly things
  3 ghouls
  3 war gargoyles
  8 reapers
  2 entropy weavers (Lair:4)
  33 stone giants
  4 vampire knights
  15 black draconians
  10 green draconians
  12 white draconians
  7 red draconians
  8 yellow draconians
  11 deep elf demonologists
  4 purple draconians
  5 spark wasps
  Azrael (Snake:3)
  17 ettins
  8 deep elf annihilators
  9 eidola
  A blizzard demon (Depths:3)
  10 deep elf death magi
  3 jiangshi (Crypt:1)
  Josephine (Lair:5)
  11 death oozes (Slime:5)
  13 deep elf high priests
  Snorg (Lair:5)
  7 fire dragons
  A merfolk impaler (Depths:1)
  4 great orbs of eyes
  20 yaktaur captains
  5 rakshasas
  A mummy priest (Crypt:3)
  16 naga warriors
  31 vault guards
  A quicksilver dragon skeleton (Crypt:3)
  23 hydras
  10 centaur warriors
  11 ice dragons
  14 anacondas
  4 death knights
  A hell beast (D:7)
  3 spriggan air magi
  2 ghost crabs (Swamp:3)
  The ghost of Lochraine the Cleaver, a novice MiBe of Trog (D:7)
  16 ogre magi
  9 deep troll shamans
  4 orc high priests
  40 two-headed ogres
  4 death yaks (Lair:5)
  A merfolk avatar (Lair:6)
  12 dancing weapons
  7 alligators
  15 tengu warriors
  10 spriggan berserkers
  7 deep troll earth magi
  6 vampire magi
  A queen ant (Lair:4)
  A storm dragon zombie (Crypt:3)
  16 soul eaters
  13 naga sharpshooters
  5 shock serpents
  17 deep elf knights
  3 sun demons (Depths:3)
  Sonja (Lair:2)
  16 hell knights
  A storm dragon skeleton (Crypt:3)
  4 iron trolls
  A sea snake (shapeshifter) (Depths:1)
  6 salamander mystics
  A wretched star (Abyss:2)
  5 shadow wraiths
  31 skeletal warriors
  2 flayed ghosts
  An anaconda zombie (Crypt:1)
  4 sea snakes
  4 unseen horrors
  21 deep trolls
  4 spriggan druids
  17 deep elf archers
  A shadow demon (D:3)
  10 swamp dragons
  4 naga ritualists
  A shambling mangrove (Swamp:2)
  A deep troll (shapeshifter) (Depths:3)
  An anaconda skeleton (Crypt:2)
  A wizard (D:15)
  A harpy (shapeshifter) (Vaults:2)
  2 mana vipers (shapeshifter)
  7 glowing orange brains
  16 orc knights
  12 ironbrand convokers
  4 lindwurms (Snake:4)
  An iron dragon zombie (Crypt:3)
  Pikel (D:5)
  A tengu skeleton (Vaults:3)
  9 harpies
  20 necromancers
  4 oklob plants (Lair:6)
  13 mana vipers
  A shining eye (shapeshifter) (Vaults:5)
  2 fire giant zombies
  11 phantasmal warriors
  8 orc sorcerers
  A shining eye (Slime:1)
  2 wolf spider zombies
  39 ugly things
  55 deep elf magi
  5 salamanders
  10 cyclopes
  2 large abominations
  3 frost giant skeletons
  A stone giant zombie (Vaults:2)
  8 wolf spiders
  5 frost giant zombies
  2 manticores (Lair:6)
  A stone giant skeleton (Crypt:3)
  16 moths of wrath
  2 dire elephant zombies
  An iron dragon skeleton (Crypt:3)
  22 vault sentinels
  2 centaur zombies
  2 elephants (Lair:6)
  3 fire giant skeletons
  14 guardian serpents
  2 smoke demons
  2 ice statues
  8 rust devils (Depths:3)
  A storm dragon simulacrum (Crypt:1)
  43 black mambas
  15 spiny frogs
  A green draconian zombie (Crypt:2)
  25 naga magi
  2 spiny frogs (shapeshifter)
  7 komodo dragons
  A kobold demonologist (D:14)
  2 red devils
  A dire elephant skeleton (Crypt:1)
  2 yaktaur skeletons
  3 efreet (Depths:3)
  13 hellwings (Crypt:3)
  A demonic crawler (D:11)
  5 rime drakes
  3 ice devils
  57 yaktaurs
  3 ancient zymes (Abyss:2)
  19 freezing wraiths
  4 tengu conjurers
  A wind drake (shapeshifter) (Vaults:5)
  4 polar bears
  A polar bear (shapeshifter) (Vaults:2)
  6 tyrant leeches
  A hydra zombie (Crypt:2)
  A meliai (shapeshifter) (Vaults:2)
  5 jumping spiders (Crypt:3)
  A harpy skeleton (Crypt:3)
  60 slime creatures
  A wolf spider simulacrum (IceCv)
  10 trolls
  A raiju (shapeshifter) (Depths:5)
  A slime creature (shapeshifter) (Depths:2)
  12 blink frogs
  An ettin zombie (Crypt:3)
  6 dream sheep (Lair:3)
  18 hornets
  11 bog bodies
  3 raiju (Abyss:2)
  A dream sheep (shapeshifter) (Vaults:5)
  2 hydra skeletons (Crypt:3)
  2 hippogriffs (shapeshifter)
  8 hippogriffs
  2 stone giant simulacra
  A shock serpent simulacrum (Crypt:1)
  2 flying skulls (Depths:3)
  A black mamba zombie (Crypt:1)
  A fire dragon skeleton (Crypt:1)
  3 ettin skeletons
  3 starcursed masses (Abyss:2)
  Sigmund (D:2)
  11 spriggans
  56 yaks
  22 shadows
  6 air elementals
  14 wraiths
  7 wyverns
  3 redbacks (Crypt:3)
  A yak (shapeshifter) (D:14)
  10 fire elementals
  Eustachio (D:4)
  3 humans (shapeshifter)
  3 ynoxinuls
  5 water elementals
  An ushabti (Crypt:3)
  A wyvern (shapeshifter) (Depths:2)
  A golden eye (shapeshifter) (Depths:5)
  3 hungry ghosts
  16 vampire mosquitoes
  A chaos spawn (Abyss:2)
  A fire bat (shapeshifter) (Depths:1)
  A hog (shapeshifter) (Vaults:4)
  A basilisk (Lair:1)
  A steam dragon (Lair:4)
  A death yak simulacrum (IceCv)
  2 neqoxecs (Abyss:2)
  A monstrous demonspawn zombie (Crypt:1)
  2 human zombies
  19 swamp worms
  A merfolk zombie (Crypt:1)
  20 soldier ants (Lair:4)
  36 nagas
  5 wargs
  4 porcupines
  A spiny frog zombie (Crypt:3)
  A porcupine (shapeshifter) (Vaults:2)
  8 hell hounds
  An orb spider zombie (Crypt:1)
  2 human skeletons (Vaults:3)
  5 water moccasins
  A deep troll skeleton (Vaults:3)
  3 floating eyes
  9 ice beasts
  A manticore zombie (Crypt:3)
  Purgy (Sewer)
  19 swamp drakes
  2 ettin simulacra (Depths:3)
  39 orc warriors
  2 slaves (D:5)
  A swamp dragon zombie (Crypt:3)
  An alligator simulacrum (IceCv)
  5 eyes of draining
  A fire dragon simulacrum (Abyss:2)
  3 sky beasts
  3 black bears
  An ogre (shapeshifter) (Depths:3)
  4 phantoms
  2 small abominations (Abyss:2)
  11 necrophages
  2 snapping turtle zombies (Crypt:3)
  9 wolves
  A lindwurm zombie (Crypt:1)
  11 boggarts
  9 centaurs
  30 ogres
  10 big kobolds
  11 crocodiles
  Blork the orc (D:5)
  A wyvern zombie (D:13)
  15 bullfrogs
  5 gnoll sergeants
  3 earth elementals
  A torturous demonspawn simulacrum (Crypt:1)
  A komodo dragon skeleton (Crypt:2)
  7 wyvern skeletons (Crypt:3)
  A scorpion (D:5)
  A warg zombie (Crypt:2)
  A swamp dragon simulacrum (IceCv)
  31 wights
  15 killer bees
  4 howler monkeys
  A yak skeleton (Crypt:2)
  2 electric eels
  A spriggan skeleton (Crypt:2)
  A crimson imp (D:15)
  4 bullfrog zombies
  3 human simulacra (Vaults:2)
  A quasit (D:13)
  4 draconian simulacra (IceCv)
  8 hounds
  A jelly (shapeshifter) (Vaults:2)
  Crazy Yiuf (D:5)
  2 jellies
  28 orc wizards
  15 orc priests
  2 bullfrog skeletons
  7 centaur skeletons
  A demonspawn zombie (Crypt:1)
  An iron imp (Abyss:2)
  Terence (D:2)
  A basilisk skeleton (Crypt:2)
  2 iguanas
  34 worker ants
  6 troll simulacra (IceCv)
  A killer bee zombie (Crypt:1)
  An ogre zombie (Crypt:3)
  2 centaur simulacra (IceCv)
  A hound zombie (D:5)
  2 hound skeletons
  2 mummies (Crypt:3)
  A worker ant zombie (D:8)
  Robin (D:3)
  11 gnolls
  An ogre simulacrum (IceCv)
  14 adders
  5 naga simulacra (IceCv)
  4 shadow imps
  12 white imps (IceCv)
  2 oozes
  2 adder skeletons
  An adder zombie (D:6)
  A lava snake skeleton (Crypt:1)
  7 worms
  2 dart slugs (D:1)
  4 leopard geckos
  75 orcs
  4 ball pythons
  A bat zombie (Crypt:2)
  4 giant cockroaches
  12 goblins
  17 hobgoblins
  10 jackals
  5 quokkas
  9 bats
  5 frilled lizards
  20 kobolds
  A leopard gecko skeleton (D:4)
  A quokka zombie (Crypt:2)
  9 rats
  A bush (D:11)
  9 crawling corpses
  2 fungi
  A plant (D:11)
  2 starspawn tentacles (Abyss:2)
  4 withered plants (Crypt:3)
2688 creatures vanquished.

Vanquished Creatures (others)
  A stone giant (Vaults:5)
  A soul eater (Depths:3)
  2 quicksilver dragon simulacra (Depths:3)
  A harpy (Vaults:1)
  A black mamba (Snake:4)
  4 yaktaurs
  2 water elementals
  A floating eye (Elf:3)
  A water moccasin (shapeshifter) (Elf:1)
  A hell hound (Depths:3)
  An ettin simulacrum (Depths:3)
  A slave (D:5)
  A boggart (Vaults:3)
  An ogre (Vaults:1)
  A bullfrog skeleton (D:5)
  An orc priest (Elf:1)
  An orc (Vaults:1)
  5 fungi
  17 plants
  A starspawn tentacle (Abyss:2)
  4 withered plants (Crypt:3)
49 creatures vanquished.

Grand Total: 2737 creatures vanquished

Notes
Turn   | Place    | Note
-------+----------+-------------------------------------------
     0 | D:1      | mopl the Minotaur Monk began the quest for the Orb.
     0 | D:1      | Reached XP level 1. HP: 19/19 MP: 0/0
    42 | D:1      | Reached skill level 4 in Maces & Flails
    72 | D:1      | Reached XP level 2. HP: 26/26 MP: 1/1
   252 | D:1      | Reached skill level 5 in Maces & Flails
   400 | D:1      | Reached XP level 3. HP: 31/31 MP: 2/2
   837 | D:2      | Noticed Sigmund
   851 | D:2      | Killed Sigmund
   851 | D:2      | Reached skill level 7 in Maces & Flails
   851 | D:2      | Reached XP level 4. HP: 29/39 MP: 3/3
   851 | D:2      | Reached XP level 5. HP: 34/45 MP: 4/4
  1044 | D:2      | Noticed Terence
  1048 | D:2      | Killed Terence
  1048 | D:2      | Reached skill level 8 in Maces & Flails
  1185 | D:2      | Found an ornate altar of the Wu Jian Council.
  1378 | D:3      | Reached XP level 6. HP: 48/51 MP: 5/5
  1442 | D:3      | Noticed Robin
  1469 | D:3      | Killed Robin
  2425 | D:4      | Found a shattered altar of Ashenzari.
  2431 | D:4      | Reached skill level 9 in Maces & Flails
  2530 | D:4      | Found a staircase to the Ecumenical Temple.
  2542 | Temple   | Entered the Ecumenical Temple
  2663 | D:4      | Reached XP level 7. HP: 35/57 MP: 6/6
  3015 | D:5      | Entered Level 5 of the Dungeon
  3019 | D:5      | Reached skill level 10 in Maces & Flails
  3054 | D:5      | Reached skill level 1 in Armour
  3285 | D:5      | Reached skill level 4 in Fighting
  3303 | D:5      | Noticed a hippogriff
  3315 | D:5      | Killed a hippogriff
  3315 | D:5      | Reached skill level 2 in Armour
  3717 | D:5      | Noticed Blork the orc
  3734 | D:5      | Killed Blork the orc
  3734 | D:5      | Reached XP level 8. HP: 42/67 MP: 7/7
  3760 | D:4      | Noticed Eustachio
  3778 | D:4      | Killed Eustachio
  3778 | D:4      | Reached skill level 5 in Fighting
  3778 | D:4      | Reached skill level 11 in Maces & Flails
  3778 | D:4      | Reached skill level 3 in Armour
  4004 | D:5      | Noticed Pikel
  4030 | D:5      | Killed Pikel
  4030 | D:5      | Reached skill level 6 in Fighting
  4030 | D:5      | Reached skill level 4 in Armour
  4191 | D:5      | Found a runed door.
  4195 | D:5      | Noticed Crazy Yiuf
  4206 | D:5      | Killed Crazy Yiuf
  4400 | D:6      | Reached skill level 12 in Maces & Flails
  4414 | D:6      | Reached skill level 5 in Armour
  4419 | D:6      | Reached XP level 9. HP: 50/78 MP: 8/8
  4572 | D:6      | Found a glowing drain.
  4598 | Sewer    | Entered a sewer
  4631 | Sewer    | Noticed Purgy
  4633 | Sewer    | Killed Purgy
  5173 | D:6      | Reached skill level 7 in Fighting
  5321 | D:6      | Reached skill level 6 in Armour
  5600 | D:6      | Reached skill level 13 in Maces & Flails
  5807 | D:7      | Found a burning altar of Makhleb.
  5839 | D:7      | Found a blossoming altar of Fedhas.
  6114 | D:7      | Reached skill level 8 in Fighting
  6262 | D:7      | Noticed Lochraine's ghost (novice MiBe)
  6270 | D:7      | Killed Lochraine's ghost
  6270 | D:7      | Reached skill level 7 in Armour
  6270 | D:7      | Reached XP level 10. HP: 90/90 MP: 9/9
  6382 | D:7      | You fall through a shaft!
  6430 | D:8      | Found a staircase to the Lair.
  6624 | D:8      | Reached skill level 14 in Maces & Flails
  6689 | D:8      | Found a hazy altar of Hepliaklqana.
  6689 | D:8      | Found a sacrificial altar of Ru.
  6690 | D:8      | Found a hide-covered altar of Uskayaw.
  6696 | D:8      | Became a worshipper of Uskayaw the Reveler
  6696 | D:8      | Reached * piety under Uskayaw
  6792 | D:8      | Reached ** piety under Uskayaw
  6801 | D:8      | Found a snail-covered altar of Cheibriados.
  6997 | D:8      | Reached *** piety under Uskayaw
  7089 | Lair:1   | Entered Level 1 of the Lair of Beasts
  7130 | Lair:1   | Found a frozen archway.
  7148 | Lair:1   | Reached skill level 1 in Invocations
  7148 | Lair:1   | Reached skill level 1 in Evocations
  7153 | IceCv    | Entered an ice cave
  7164 | IceCv    | Reached **** piety under Uskayaw
  7171 | IceCv    | Reached ***** piety under Uskayaw
  7461 | IceCv    | Reached skill level 2 in Invocations
  7468 | IceCv    | Reached skill level 4 in Dodging
  7490 | IceCv    | Reached skill level 8 in Armour
  7555 | IceCv    | Reached skill level 9 in Fighting
  7555 | IceCv    | Reached skill level 3 in Invocations
  7555 | IceCv    | Reached skill level 2 in Evocations
  8044 | IceCv    | Reached XP level 11. HP: 32/97 MP: 12/12
  8338 | IceCv    | Found an ancient bone altar of Kikubaaqudgha.
  8808 | IceCv    | Reached skill level 4 in Invocations
  9125 | IceCv    | Noticed a necromancer
  9207 | IceCv    | Killed a necromancer
  9207 | IceCv    | Reached skill level 5 in Dodging
  9919 | Lair:1   | Reached skill level 15 in Maces & Flails
  9952 | Lair:1   | Reached skill level 9 in Armour
  9952 | Lair:1   | Reached skill level 5 in Invocations
  9954 | Lair:1   | Reached skill level 3 in Evocations
 10028 | Lair:1   | Noticed Gastronok
 10050 | Lair:1   | Killed Gastronok
 10461 | Lair:1   | Reached skill level 6 in Invocations
 10693 | Lair:1   | Reached skill level 6 in Dodging
 10965 | D:9      | Found a radiant altar of Vehumet.
 10978 | D:9      | Reached skill level 10 in Fighting
 11067 | D:9      | Reached XP level 12. HP: 98/106 MP: 15/15
 11281 | D:9      | Got a transparent rapier
 11282 | D:9      | Identified the +6 rapier "Goblinbane" {flame, rC+} (You found it on level 9 of the Dungeon)
 11322 | D:9      | Got a scorched trident
 11323 | D:9      | Identified the cursed +1 trident of the Unkillable {elec, rF+ rC+ MR+ Str+2} (You found it on level 9 of the Dungeon)
 11419 | D:9      | You fall through a shaft!
 11419 | D:10     | Entered Level 10 of the Dungeon
 11419 | D:10     | Found Weffaijytt's Gadget Shop.
 11609 | D:9      | Noticed a two-headed ogre
 11618 | D:9      | Killed a two-headed ogre
 11918 | D:10     | Found Jifed's Magic Scroll Shop.
 11924 | D:10     | Reached skill level 4 in Evocations
 11929 | D:10     | Bought a scroll of blinking for 75 gold pieces
 11929 | D:10     | Bought a scroll of blinking for 75 gold pieces
 11929 | D:10     | Bought a scroll of teleportation for 30 gold pieces
 11929 | D:10     | Bought a scroll of teleportation for 30 gold pieces
 11929 | D:10     | Bought a scroll of teleportation for 30 gold pieces
 11929 | D:10     | Bought a scroll of teleportation for 30 gold pieces
 11929 | D:10     | Bought a scroll of identify for 20 gold pieces
 11929 | D:10     | Bought a scroll of identify for 20 gold pieces
 11929 | D:10     | Bought a scroll of identify for 20 gold pieces
 11929 | D:10     | Bought a scroll of magic mapping for 35 gold pieces
 11943 | D:10     | Found Tiareax's Jewellery Shoppe.
 11985 | D:10     | Found Dotipsya's Armour Shop.
 12130 | D:10     | Reached skill level 16 in Maces & Flails
 12139 | D:10     | Found Leqodosi's Jewellery Shop.
 12146 | D:10     | Bought a cursed amulet of inaccuracy for 28 gold pieces
 12146 | D:10     | Bought a cursed ring of loudness for 63 gold pieces
 12330 | D:11     | Noticed a two-headed ogre
 12340 | D:11     | Killed a two-headed ogre
 12340 | D:11     | Reached skill level 10 in Armour
 12371 | D:11     | Reached skill level 7 in Invocations
 12414 | D:11     | Gained mutation: You can translocate small distances at will. [a neqoxec]
 12473 | D:11     | Noticed a two-headed ogre
 12504 | D:10     | Reached skill level 7 in Dodging
 12787 | D:11     | Killed a two-headed ogre
 13139 | D:11     | Reached skill level 5 in Evocations
 13291 | D:11     | Found a blossoming altar of Fedhas.
 13362 | D:11     | Reached skill level 11 in Fighting
 13482 | D:12     | Reached skill level 8 in Invocations
 13483 | D:12     | Noticed a two-headed ogre
 13502 | D:12     | Killed a two-headed ogre
 13746 | D:12     | Reached XP level 13. HP: 116/116 MP: 18/18
 13805 | D:12     | Reached skill level 8 in Dodging
 13920 | D:12     | Found Ziamuwn's Food Emporium.
 14339 | D:12     | Found a staircase to the Orcish Mines.
 14382 | D:12     | Reached ****** piety under Uskayaw
 14598 | Orc:1    | Entered Level 1 of the Orcish Mines
 14608 | Orc:1    | Reached skill level 9 in Invocations
 14662 | Orc:1    | Found a radiant altar of Vehumet.
 15123 | Orc:1    | Found a roughly hewn altar of Beogh.
 15138 | Orc:1    | Reached skill level 11 in Armour
 15363 | Orc:2    | Entered Level 2 of the Orcish Mines
 15626 | Orc:2    | Found a roughly hewn altar of Beogh.
 15650 | Orc:2    | Found a staircase to the Elven Halls.
 16184 | Orc:2    | Reached skill level 6 in Evocations
 16539 | Orc:2    | Noticed a stone giant
 16746 | Orc:2    | Killed a stone giant
 17190 | Orc:2    | Reached skill level 10 in Invocations
 17202 | Orc:2    | Found Moamuw's General Store.
 17202 | Orc:2    | Found Fezuaz's Book Shop.
 17491 | Orc:2    | Found Enaulol's General Store.
 17491 | Orc:2    | Found Kuinu's Distillery.
 17497 | Orc:2    | Bought a scroll of blinking for 112 gold pieces
 17499 | Orc:2    | Bought a potion of might for 56 gold pieces
 17499 | Orc:2    | Bought a potion of heal wounds for 70 gold pieces
 17499 | Orc:2    | Bought a potion of cancellation for 112 gold pieces
 17500 | Orc:2    | Bought 2 potions of resistance for 280 gold pieces
 17504 | Orc:2    | Bought a potion of curing for 42 gold pieces
 17504 | Orc:2    | Bought a potion of curing for 42 gold pieces
 17729 | Lair:2   | Noticed Sonja
 17739 | Lair:2   | Killed Sonja
 17739 | Lair:2   | Reached skill level 9 in Dodging
 18074 | Lair:2   | Reached skill level 12 in Fighting
 19131 | Lair:3   | Found a staircase to the Snake Pit.
 19419 | Lair:4   | Reached XP level 14. HP: 126/126 MP: 20/20
 19497 | Lair:4   | Found a dark tunnel.
 19521 | Volcano  | Entered a volcano
 19546 | Volcano  | Found a burning altar of Makhleb.
 19602 | Volcano  | Reached skill level 12 in Armour
 19634 | Volcano  | Reached skill level 12 in Invocations
 19634 | Volcano  | Reached XP level 15. HP: 81/134 MP: 21/23
 19806 | Lair:4   | Found a staircase to the Swamp.
 19838 | Lair:4   | Reached skill level 7 in Evocations
 20591 | Lair:5   | Noticed Josephine
 20626 | Lair:5   | Killed Josephine
 20963 | Lair:5   | Reached skill level 10 in Dodging
 21153 | Lair:5   | Noticed Snorg
 21172 | Lair:5   | Killed Snorg
 21231 | Lair:5   | Reached skill level 13 in Invocations
 21597 | Lair:6   | Entered Level 6 of the Lair of Beasts
 21887 | Lair:6   | Reached skill level 13 in Fighting
 22255 | Lair:6   | Reached skill level 8 in Evocations
 23380 | D:13     | Found a shadowy altar of Dithmenos.
 23382 | D:13     | Found a basalt altar of Yredelemnul.
 23382 | D:13     | Found a shimmering altar of Xom.
 23384 | D:13     | Found a glowing silver altar of Zin.
 23384 | D:13     | Found an opulent altar of Gozag.
 23384 | D:13     | Found a shimmering altar of Xom.
 23713 | D:14     | Found a shattered altar of Ashenzari.
 23796 | D:14     | Reached XP level 16. HP: 144/144 MP: 25/25
 24182 | D:14     | Reached skill level 13 in Armour
 24215 | D:14     | Reached skill level 14 in Invocations
 24580 | D:14     | Found a gate to the Vaults.
 24878 | D:15     | Entered Level 15 of the Dungeon
 25139 | D:15     | Found a staircase to the Depths.
 25151 | D:15     | Reached skill level 11 in Dodging
 25891 | Swamp:1  | Entered Level 1 of the Swamp
 25891 | Swamp:1  | Noticed Louise
 25917 | Swamp:1  | Noticed Nikola
 25951 | Lair:4   | Killed Nikola
 25951 | Lair:4   | Reached skill level 9 in Evocations
 26096 | Swamp:1  | Killed Louise
 26096 | Swamp:1  | Reached skill level 14 in Fighting
 26391 | Swamp:1  | Got a scorched chain mail
 26392 | Swamp:1  | Identified the +6 chain mail of the Four Orbs {rF+ rN+ rCorr} (You found it on level 1 of the Swamp)
 26649 | Swamp:1  | Noticed Aizul
 26673 | Swamp:1  | Killed Aizul
 27287 | Swamp:2  | Reached skill level 15 in Invocations
 27421 | Swamp:2  | Reached skill level 14 in Armour
 27642 | Swamp:2  | Identified the +0 glaive of Defiance {holy, Str+3} (You found it on level 2 of the Swamp)
 28013 | Swamp:3  | Reached XP level 17. HP: 154/154 MP: 27/27
 28932 | Swamp:4  | Entered Level 4 of the Swamp
 28939 | Swamp:4  | Reached skill level 12 in Dodging
 29900 | Swamp:4  | Got a decaying rune of Zot
 30674 | Elf:1    | Entered Level 1 of the Elven Halls
 30682 | Elf:1    | Reached skill level 10 in Evocations
 30791 | Elf:1    | Reached skill level 16 in Invocations
 30840 | Elf:1    | Reached skill level 15 in Fighting
 30976 | Elf:1    | Learned a level 2 spell: Swiftness
 31905 | Elf:1    | Reached skill level 15 in Armour
 32509 | Elf:2    | Reached skill level 13 in Dodging
 32612 | Elf:2    | Reached XP level 18. HP: 131/163 MP: 29/29
 32967 | Elf:2    | Found a huge runed gate.
 32967 | Elf:2    | Found a huge runed gate.
 32967 | Elf:2    | Found a huge runed gate.
 32967 | Elf:2    | Found a huge runed gate.
 32967 | Elf:2    | Found a huge runed gate.
 33125 | Elf:2    | Cast into level 2 of the Abyss (a deep elf demonologist)
 33469 | Abyss:2  | Gained mutation: You are occasionally teleported next to monsters. [a neqoxec]
 33492 | Abyss:2  | Reached skill level 17 in Invocations
 33616 | Elf:2    | Escaped the Abyss
 33802 | Elf:3    | Entered Level 3 of the Elven Halls
 33804 | Elf:3    | Found Momoh's Distillery.
 33821 | Elf:3    | Bought a potion of heal wounds for 85 gold pieces
 33821 | Elf:3    | Bought a potion of mutation for 136 gold pieces
 33821 | Elf:3    | Bought a potion of mutation for 136 gold pieces
 33821 | Elf:3    | Bought a potion of heal wounds for 85 gold pieces
 33821 | Elf:3    | Bought a potion of curing for 51 gold pieces
 33821 | Elf:3    | Lost mutation: You are occasionally teleported next to monsters. [potion of mutation]
 33821 | Elf:3    | Lost mutation: You can translocate small distances at will. [potion of mutation]
 33821 | Elf:3    | Gained mutation: You are occasionally teleported next to monsters. [potion of mutation]
 33821 | Elf:3    | Gained mutation: Armour fits poorly on your strangely shaped body. [potion of mutation]
 33821 | Elf:3    | Gained mutation: Your spells are a little harder to cast, but a little more powerful. [potion of mutation]
 33822 | Elf:3    | Lost mutation: Your spells are a little harder to cast, but a little more powerful. [potion of mutation]
 33822 | Elf:3    | Lost mutation: You are occasionally teleported next to monsters. [potion of mutation]
 33822 | Elf:3    | Gained mutation: Your mind is acute. (Int +2) [potion of mutation]
 33822 | Elf:3    | Gained mutation: You are resistant to electric shocks. (rElec) [potion of mutation]
 33984 | Elf:3    | Reached skill level 16 in Fighting
 34357 | Elf:3    | Reached skill level 16 in Armour
 34430 | Elf:2    | Reached skill level 1 in Throwing
 34615 | Elf:3    | Reached skill level 14 in Dodging
 34639 | Elf:3    | Reached skill level 2 in Throwing
 34765 | Elf:3    | Reached skill level 3 in Throwing
 34926 | Elf:3    | Reached skill level 4 in Throwing
 35138 | Elf:3    | Reached skill level 5 in Throwing
 35291 | Elf:3    | Reached skill level 15 in Dodging
 35447 | Elf:3    | Reached skill level 6 in Throwing
 35447 | Elf:3    | Reached XP level 19. HP: 136/172 MP: 25/30
 35523 | Elf:3    | Got a brightly glowing scimitar {freeze}
 35524 | Elf:3    | Identified the cursed +0 scimitar "Kodduqaa" {freeze, *Slow +Fly rF++ rN+} (You took it off a deep elf elementalist on level 3 of the Elven Halls)
 35534 | Elf:3    | Got an ivory lajatang {holy}
 35539 | Elf:3    | Identified the +1 lajatang of Impermanence {holy, Int+4} (You took it off a deep elf mage on level 3 of the Elven Halls)
 35606 | Elf:3    | Reached skill level 7 in Throwing
 35617 | Elf:3    | Got an iridescent battleaxe {freeze}
 35644 | Elf:3    | Identified the +9 battleaxe of Death's Door {freeze, rPois rF+ Int+2} (You took it off a deep elf sorcerer on level 3 of the Elven Halls)
 35824 | Elf:3    | Learned a level 1 spell: Apportation
 35826 | Elf:3    | Learned a level 1 spell: Animate Skeleton
 35843 | Elf:3    | Identified the Incunabulum of Sinister Orientation
 35848 | Elf:3    | Learned a level 2 spell: Blink
 35867 | Elf:3    | Learned a level 2 spell: Passwall
 35939 | Elf:3    | Lost mutation: Armour fits poorly on your strangely shaped body. [potion of mutation]
 35939 | Elf:3    | Lost mutation: Your mind is acute. (Int +2) [potion of mutation]
 35939 | Elf:3    | Lost mutation: You are resistant to electric shocks. (rElec) [potion of mutation]
 35939 | Elf:3    | Gained mutation: Your flesh is heat resistant. (rF+) [potion of mutation]
 35939 | Elf:3    | Gained mutation: Your spells are a little easier to cast, but a little less powerful. [potion of mutation]
 35939 | Elf:3    | Gained mutation: Your muscles are strong. (Str +2) [potion of mutation]
 36238 | Snake:1  | Entered Level 1 of the Snake Pit
 36540 | Snake:1  | Found Yzuxkeu's Jewellery Emporium.
 36540 | Snake:1  | Found Melenot's Gadget Boutique.
 36541 | Snake:1  | Found Zasijygeusk's Jewellery Emporium.
 36550 | Snake:1  | Bought the ring "Udixei Jurisk" {*Contam rPois rC+ MR+ Int+2} for 585 gold pieces
 36698 | Snake:1  | Reached skill level 8 in Throwing
 36916 | Snake:1  | Reached skill level 16 in Dodging
 36916 | Snake:1  | Reached skill level 1 in Shields
 37157 | Snake:1  | Noticed Roxanne
 37184 | Snake:1  | Killed Roxanne
 37185 | Snake:1  | Identified Roxanne's Almanac of Moulding (You took it off Roxanne on level 1 of the Snake Pit)
 37625 | Snake:2  | Reached skill level 2 in Shields
 37799 | Snake:2  | Reached skill level 1 in Air Magic
 37835 | Snake:2  | Reached skill level 1 in Translocations
 37995 | Snake:2  | Reached skill level 1 in Charms
 38113 | Snake:2  | Identified the +0 robe of Vahyz {Int+3} (You found it on level 2 of the Snake Pit)
 38270 | Snake:3  | Reached skill level 3 in Shields
 38354 | Snake:3  | Reached skill level 1 in Spellcasting
 38548 | Snake:3  | Noticed Azrael
 38573 | Snake:3  | Killed Azrael
 38721 | Snake:3  | Reached skill level 2 in Air Magic
 38744 | Snake:3  | Reached skill level 2 in Translocations
 39084 | Snake:3  | Reached skill level 2 in Charms
 39298 | Snake:4  | Entered Level 4 of the Snake Pit
 39302 | Snake:4  | Reached skill level 4 in Shields
 39573 | Snake:4  | Noticed Vashnia
 39876 | Snake:4  | Noticed Asterion
 39896 | Snake:4  | Killed Asterion
 39904 | Snake:4  | Reached skill level 5 in Shields
 39904 | Snake:4  | Reached skill level 2 in Spellcasting
 39914 | Snake:4  | Reached skill level 9 in Throwing
 39914 | Snake:4  | Reached skill level 3 in Air Magic
 40307 | Snake:4  | Reached skill level 3 in Translocations
 40336 | Snake:4  | Reached XP level 20. HP: 180/180 MP: 31/31
 40405 | Snake:4  | Reached skill level 3 in Charms
 40464 | Snake:4  | Killed Vashnia
 40995 | Snake:4  | Reached skill level 3 in Spellcasting
 41001 | Snake:4  | Reached skill level 6 in Shields
 41295 | Snake:4  | Reached skill level 4 in Air Magic
 41299 | Snake:4  | Reached skill level 4 in Translocations
 41343 | Snake:4  | Got a serpentine rune of Zot
 41514 | Snake:4  | Reached skill level 10 in Throwing
 41948 | Vaults:1 | Entered Level 1 of the Vaults
 41954 | Vaults:1 | Reached skill level 7 in Shields
 42154 | Vaults:1 | Reached skill level 4 in Charms
 42481 | Vaults:1 | Reached skill level 4 in Spellcasting
 42608 | Vaults:1 | Identified the +7 scimitar "Poinkuh" {protect, rC++ MP+9 Str+4} (You found it on level 1 of the Vaults)
 42772 | Vaults:1 | Noticed Saint Roka
 42790 | Vaults:1 | Killed Saint Roka
 42901 | Vaults:1 | Reached skill level 5 in Translocations
 43032 | Vaults:1 | Reached skill level 5 in Air Magic
 43287 | Vaults:1 | Reached skill level 8 in Shields
 43577 | Vaults:2 | Reached XP level 21. HP: 153/188 MP: 32/32
 44328 | Vaults:2 | Noticed Mennas
 44392 | Vaults:2 | Killed Mennas
 44392 | Vaults:2 | Reached skill level 5 in Charms
 44824 | Vaults:2 | Reached skill level 11 in Throwing
 45243 | Vaults:2 | Reached skill level 5 in Spellcasting
 45458 | Vaults:2 | Reached skill level 9 in Shields
 45738 | Vaults:3 | Noticed Jorgrun
 45748 | Vaults:3 | Killed Jorgrun
 45748 | Vaults:3 | Reached skill level 6 in Translocations
 45913 | Vaults:3 | Found Rutuajalo's Jewellery Boutique.
 45947 | Vaults:3 | Noticed Xtahua
 45968 | Vaults:3 | Killed Xtahua
 45968 | Vaults:3 | Reached skill level 6 in Air Magic
 46654 | Vaults:3 | Reached skill level 6 in Charms
 46788 | Vaults:3 | Found a staircase to the Crypt.
 46838 | Crypt:1  | Entered Level 1 of the Crypt
 46849 | Crypt:1  | Reached skill level 10 in Shields
 46922 | Crypt:1  | Noticed Boris
 46928 | Crypt:1  | Killed Boris
 46935 | Crypt:1  | Noticed Jory
 46940 | Crypt:1  | Killed Jory
 46940 | Crypt:1  | Reached XP level 22. HP: 113/195 MP: 33/33
 47121 | Crypt:1  | Reached skill level 11 in Evocations
 47133 | Crypt:1  | Reached skill level 12 in Throwing
 47419 | Crypt:1  | Noticed Donald
 47431 | Crypt:1  | Killed Donald
 47586 | Crypt:1  | Noticed Mara
 47587 | Crypt:1  | Noticed mopl's illusion
 47625 | Crypt:1  | Killed Mara
 47722 | Crypt:1  | Reached skill level 7 in Air Magic
 48095 | Crypt:2  | Identified the +1 chain mail of the New World {+Inv rPois Dex-2} (You found it on level 2 of the Crypt)
 48208 | Crypt:2  | Reached skill level 7 in Translocations
 48376 | Crypt:2  | Reached skill level 11 in Shields
 48642 | Crypt:3  | Entered Level 3 of the Crypt
 48918 | Crypt:3  | Reached skill level 7 in Charms
 49305 | Crypt:3  | Found an ancient bone altar of Kikubaaqudgha.
 49565 | Crypt:3  | Noticed an ancient lich
 49601 | Crypt:3  | Killed an ancient lich
 49836 | Crypt:3  | Identified the ring "Toeth" {Wiz rPois} (You took it off a necromancer on level 3 of the Crypt)
 49840 | Crypt:3  | Identified the ring of Nirche {rN+ Dex+4 Slay+3} (You took it off a necromancer on level 3 of the Crypt)
 49858 | Crypt:3  | Noticed an ancient lich
 49875 | Crypt:3  | Killed an ancient lich
 49923 | Crypt:3  | Reached skill level 13 in Throwing
 49992 | Crypt:3  | Reached skill level 12 in Evocations
 49992 | Crypt:3  | Reached XP level 23. HP: 200/202 MP: 34/34
 50029 | Crypt:3  | Identified the ring "Abifis" {rN+ Str+3} (You took it off a necromancer on level 3 of the Crypt)
 50238 | Crypt:3  | Reached skill level 8 in Translocations
 50277 | Crypt:3  | Found a staircase to the Tomb.
 50636 | Crypt:3  | Identified the Grimoire of Darkness and the Frostbite
 50665 | Crypt:3  | Reached skill level 12 in Shields
 50862 | Vaults:3 | Reached skill level 8 in Air Magic
 50943 | Vaults:4 | Reached skill level 1 in Earth Magic
 51029 | Vaults:4 | Found Mius's Distillery.
 51037 | Vaults:4 | Bought a potion of might for 88 gold pieces
 51037 | Vaults:4 | Bought a potion of haste for 220 gold pieces
 51037 | Vaults:4 | Bought a potion of haste for 220 gold pieces
 51037 | Vaults:4 | Bought a potion of heal wounds for 110 gold pieces
 51037 | Vaults:4 | Bought a potion of curing for 66 gold pieces
 51037 | Vaults:4 | Bought a potion of mutation for 176 gold pieces
 51070 | Vaults:4 | Reached skill level 1 in Transmutations
 51365 | Vaults:4 | Reached skill level 2 in Transmutations
 51378 | Vaults:4 | Reached skill level 2 in Earth Magic
 52034 | Vaults:4 | Reached skill level 8 in Charms
 52247 | Vaults:5 | Entered Level 5 of the Vaults
 52249 | Vaults:5 | Noticed AnCiEnTStOnEBeAsT's ghost (adept HOFi)
 52263 | Vaults:4 | Reached skill level 3 in Earth Magic
 52265 | Vaults:4 | Reached skill level 3 in Transmutations
 52357 | Vaults:4 | Reached skill level 13 in Shields
 52366 | Vaults:5 | Killed AnCiEnTStOnEBeAsT's ghost
 52731 | Vaults:5 | Noticed 4thArraOfDagon's ghost (adept MiBe)
 52971 | Vaults:5 | Killed 4thArraOfDagon's ghost
 52971 | Vaults:5 | Reached skill level 4 in Earth Magic
 53074 | Vaults:5 | Reached skill level 4 in Transmutations
 53243 | Vaults:5 | Reached skill level 14 in Throwing
 53249 | Vaults:5 | Reached XP level 24. HP: 55/210 MP: 20/34
 53264 | Vaults:5 | HP: 6/210 [battlesphere[a tengu reaver] (8)]
 53309 | Vaults:5 | Reached skill level 13 in Evocations
 53571 | Vaults:5 | Reached skill level 5 in Earth Magic
 53711 | Vaults:5 | Identified the Volume of the Gliding Glacier
 53797 | Vaults:5 | Reached skill level 5 in Transmutations
 53857 | Vaults:5 | Reached skill level 14 in Shields
 54456 | Vaults:5 | Learned a level 2 spell: Corpse Rot
 54648 | Vaults:5 | Reached skill level 6 in Earth Magic
 54848 | Vaults:5 | Identified the +8 broad axe of Fiujinuv {freeze, MR++ Int+2} (You took it off a frost giant on level 5 of the Vaults)
 54897 | Vaults:5 | Reached skill level 6 in Transmutations
 55027 | Vaults:5 | Got a bound silver ring
 55028 | Vaults:5 | Identified the ring of Eternity {rElec rF+ Str+3 Dex+3} (You took it off a vault sentinel on level 5 of the Vaults)
 55660 | Vaults:5 | Identified the +12 scimitar "Vutetes" {slice, rElec rPois Str-3 Int+4 Stlth+} (You took it off an orc knight on level 5 of the Vaults)
 55803 | Vaults:5 | HP: 10/210 [iron dragon (5)]
 56115 | Vaults:5 | Reached skill level 7 in Earth Magic
 56154 | Vaults:5 | Got a silver rune of Zot
 56282 | Vaults:5 | Identified the cursed +0 great sword "Zehih" {freeze, Str-4 Dex+4} (You found it on level 5 of the Vaults)
 56805 | D:10     | Bought a scroll of enchant armour for 75 gold pieces
 56805 | D:10     | Bought a scroll of enchant weapon for 75 gold pieces
 56805 | D:10     | Bought a scroll of enchant weapon for 75 gold pieces
 57027 | Lair:6   | Found a staircase to the Slime Pits.
 57138 | Slime:1  | Entered Level 1 of the Pits of Slime
 57140 | Slime:1  | Gained mutation: You are partially covered in thin metallic scales. (AC +2) [a shining eye]
 57155 | Slime:1  | Gained mutation: You tend to lose your temper in combat. [a shining eye]
 57156 | Slime:1  | Gained mutation: You often lose your temper in combat. [a shining eye]
 57231 | Slime:1  | Lost mutation: You often lose your temper in combat. [potion of mutation]
 57231 | Slime:1  | Lost mutation: You tend to lose your temper in combat. [potion of mutation]
 57231 | Slime:1  | Lost mutation: Your muscles are strong. (Str +2) [potion of mutation]
 57231 | Slime:1  | Lost mutation: Your spells are a little easier to cast, but a little less powerful. [potion of mutation]
 57231 | Slime:1  | Lost mutation: Your flesh is heat resistant. (rF+) [potion of mutation]
 57231 | Slime:1  | Gained mutation: Potions are less effective at restoring your health. [potion of mutation]
 57231 | Slime:1  | Gained mutation: You are dopey. (Int -2) [potion of mutation]
 57231 | Slime:1  | Gained mutation: You have a somewhat thin skeletal structure. (Dex +2, Stealth) [potion of mutation]
 57235 | Slime:2  | Reached skill level 15 in Throwing
 57319 | Slime:4  | Reached skill level 15 in Shields
 57346 | Slime:5  | Entered Level 5 of the Pits of Slime
 57368 | Slime:5  | Reached skill level 7 in Transmutations
 57434 | Slime:5  | Noticed the Royal Jelly
 57439 | Slime:5  | Found a viscous altar of Jiyva.
 57443 | Slime:5  | Reached skill level 2 in Stealth
 57443 | Slime:5  | Killed the Royal Jelly
 57443 | Slime:5  | Reached skill level 14 in Evocations
 57443 | Slime:5  | Reached XP level 25. HP: 208/216 MP: 34/34
 57484 | Slime:5  | Reached skill level 3 in Stealth
 57674 | Slime:5  | Nattefrost: good ol' immolation trick :o
 57692 | Slime:5  | Identified the +4 battleaxe "Fewesots" {chop, rF+ MR+ Int+3 Dex-4} (You found it on level 5 of the Pits of Slime)
 57712 | Slime:5  | Identified the +12 glaive "Putzu" {pain, rC+ Str+5} (You found it on level 5 of the Pits of Slime)
 57713 | Slime:5  | mopl: ^^
 57713 | Slime:5  | Nattefrost: pearl dragon armour :O
 57724 | Slime:5  | Got a slimy rune of Zot
 57765 | Slime:5  | Learned a level 3 spell: Regeneration
 58220 | Depths:1 | Entered Level 1 of the Depths
 58263 | Depths:1 | Found a gateway to Hell.
 58421 | Depths:1 | Found a one-way gate leading to the halls of Pandemonium.
 58489 | Depths:1 | Reached skill level 1 in Necromancy
 58847 | Depths:1 | Reached skill level 8 in Earth Magic
 58904 | Depths:1 | Reached skill level 4 in Stealth
 59165 | Depths:2 | Identified the +4 ring mail of Dumm {Str+5} (You found it on level 2 of the Depths)
 59218 | Depths:2 | Paralysed by a floating eye for 3 turns
 59398 | Depths:1 | Reached skill level 2 in Necromancy
 59486 | Depths:2 | Paralysed by a floating eye for 2 turns
 59616 | Depths:2 | Reached skill level 8 in Transmutations
 59756 | Depths:2 | Reached skill level 5 in Stealth
 59756 | Depths:2 | Reached skill level 3 in Necromancy
 60432 | Depths:2 | Found a gateway to a ziggurat.
 61082 | Depths:3 | Reached skill level 4 in Necromancy
 61089 | Depths:3 | Reached skill level 6 in Stealth
 61170 | Depths:3 | Found a burning altar of Makhleb.
 61193 | Depths:3 | Reached skill level 16 in Throwing
 61512 | Depths:3 | Identified the +6 eveningstar of Uskayaw's Regard {speed, rPois SInv} (You took it off a tengu conjurer on level 3 of the Depths)
 61651 | Depths:2 | Reached skill level 15 in Evocations
 61772 | Depths:3 | Reached skill level 7 in Stealth
 61815 | Depths:3 | Found an ornate altar of the Wu Jian Council.
 61849 | Depths:3 | Reached skill level 5 in Necromancy
 62125 | Depths:3 | Reached XP level 26. HP: 193/224 MP: 34/34
 62465 | Depths:3 | Identified the +2 robe of the Shining Light {rPois Dex+4 Slay+4} (You took it off a spriggan air mage on level 3 of the Depths)
 62531 | Depths:3 | Found an iron altar of Okawaru.
 62607 | Depths:3 | Found a glowing golden altar of the Shining One.
 62611 | Depths:3 | Reached skill level 8 in Stealth
 62704 | Depths:3 | Reached skill level 6 in Necromancy
 62756 | Depths:3 | Identified Hoixt's Collected Works on Sinister Confrontation
 62925 | Depths:3 | Identified the Handbook of Torrid Enchantment
 63233 | Depths:4 | Reached skill level 9 in Stealth
 63426 | Depths:4 | Reached skill level 7 in Necromancy
 63722 | Depths:4 | Reached skill level 16 in Evocations
 63726 | Depths:4 | Found Ydaqiar's General Store.
 63738 | Depths:4 | Found Otomm's Book Boutique.
 63738 | Depths:4 | Found Ywo Esag's Magic Scroll Shop.
 63743 | Depths:4 | Bought a scroll of teleportation for 54 gold pieces
 63743 | Depths:4 | Bought a scroll of vulnerability for 135 gold pieces
 63743 | Depths:4 | Found Qiojun's Food Shop.
 63749 | Depths:4 | Bought a bread ration for 50 gold pieces
 63749 | Depths:4 | Bought a bread ration for 50 gold pieces
 63749 | Depths:4 | Bought a bread ration for 50 gold pieces
 63752 | Depths:4 | Bought a scroll of recharging for 218 gold pieces
 63752 | Depths:4 | Bought a scroll of identify for 46 gold pieces
 63752 | Depths:4 | Bought a scroll of enchant weapon for 172 gold pieces
 63752 | Depths:4 | Bought a scroll of fog for 46 gold pieces
 63752 | Depths:4 | Bought a scroll of teleportation for 69 gold pieces
 63752 | Depths:4 | Bought a scroll of identify for 46 gold pieces
 63752 | Depths:4 | Bought 2 scrolls of identify for 92 gold pieces
 64067 | Depths:4 | Found a one-way gate to the infinite horrors of the Abyss.
 64256 | Depths:5 | Entered Level 5 of the Depths
 64329 | Depths:5 | Found Loixoj's Distillery.
 64337 | Depths:5 | Bought a potion of heal wounds for 115 gold pieces
 64337 | Depths:5 | Bought a potion of might for 92 gold pieces
 64337 | Depths:5 | Bought a potion of heal wounds for 115 gold pieces
 64337 | Depths:5 | Bought a potion of might for 92 gold pieces
 64337 | Depths:5 | Bought 2 potions of haste for 460 gold pieces
 64337 | Depths:5 | Bought a potion of agility for 92 gold pieces
 64337 | Depths:5 | Bought a potion of resistance for 230 gold pieces
 64337 | Depths:5 | Bought a potion of resistance for 230 gold pieces
 64337 | Depths:5 | Bought a potion of invisibility for 184 gold pieces
 64337 | Depths:5 | Bought a potion of berserk rage for 115 gold pieces
 64354 | Depths:5 | Identified a scroll of acquirement
 64383 | Depths:5 | Found a huge runed gate.
 64383 | Depths:5 | Found a huge runed gate.
 64383 | Depths:5 | Found a huge runed gate.
 64383 | Depths:5 | Found a huge runed gate.
 64384 | Depths:5 | Found a huge runed gate.
 64385 | Depths:5 | Found a huge runed gate.
 64393 | Depths:5 | Found a huge runed gate.
 64394 | Depths:5 | Found a huge runed gate.
 64395 | Depths:5 | Found a huge runed gate.
 64396 | Depths:5 | Found a huge runed gate.
 64397 | Depths:5 | Found a huge runed gate.
 64404 | Depths:5 | Found a huge runed gate.
 64570 | Depths:5 | Noticed Margery
 64571 | Depths:5 | Killed Margery
 64571 | Depths:5 | Reached skill level 10 in Stealth
 65007 | Depths:5 | Reached skill level 8 in Necromancy
 65465 | Depths:5 | Found a gate to the Realm of Zot.
 65591 | Depths:5 | Noticed a juggernaut
 65592 | Depths:5 | Noticed a juggernaut
 65604 | Depths:5 | Reached skill level 9 in Charms
 65610 | Depths:5 | Killed a juggernaut
 65619 | Depths:5 | Killed a juggernaut
 65619 | Depths:5 | Reached skill level 11 in Stealth
 65782 | Depths:5 | Reached XP level 27. HP: 182/231 MP: 34/34
 65918 | Depths:5 | Reached skill level 9 in Necromancy
 66072 | Zot:1    | Entered Level 1 of the Realm of Zot
 66076 | Zot:1    | Noticed an orb of fire
 66088 | Zot:1    | Killed an orb of fire
 66886 | Zot:2    | Reached skill level 12 in Stealth
 66886 | Zot:2    | Reached skill level 10 in Charms
 66984 | Zot:2    | Reached skill level 10 in Necromancy
 67745 | Zot:3    | Reached skill level 13 in Stealth
 68170 | Zot:3    | Reached skill level 11 in Charms
 68170 | Zot:3    | Reached skill level 11 in Necromancy
 69404 | Zot:5    | Entered Level 5 of the Realm of Zot
 69565 | Zot:5    | Reached skill level 14 in Stealth
 70072 | Zot:5    | Reached skill level 12 in Necromancy
 70098 | Zot:5    | Noticed an ancient lich
 70112 | Zot:5    | Killed an ancient lich
 70273 | Zot:5    | Reached skill level 12 in Charms
 70314 | Zot:5    | Noticed an ancient lich
 70315 | Zot:5    | Noticed an orb of fire
 70315 | Zot:5    | Noticed an ancient lich
 70328 | Zot:5    | Gained mutation: Your spells are a little easier to cast, but a little less powerful. [an orb of fire]
 70337 | Zot:5    | Killed an orb of fire
 70340 | Zot:5    | Noticed an orb of fire
 70340 | Zot:5    | Gained mutation: You are clumsy. (Dex -2) [an orb of fire]
 70355 | Zot:5    | Killed an orb of fire
 70364 | Zot:5    | Killed an ancient lich
 70364 | Zot:5    | Reached skill level 15 in Stealth
 70365 | Zot:5    | Noticed an orb of fire
 70365 | Zot:5    | Noticed an ancient lich
 70367 | Zot:5    | Killed an ancient lich
 70382 | Zot:5    | Killed an orb of fire
 70417 | Zot:5    | Killed an ancient lich
 70476 | Zot:5    | Reached skill level 13 in Necromancy
 70653 | Zot:5    | Lost mutation: Your spells are a little easier to cast, but a little less powerful. [potion of mutation]
 70653 | Zot:5    | Lost mutation: You are dopey. (Int -2) [potion of mutation]
 70653 | Zot:5    | Lost mutation: You are clumsy. (Dex -2) [potion of mutation]
 70653 | Zot:5    | Lost mutation: You have a somewhat thin skeletal structure. (Dex +2, Stealth) [potion of mutation]
 70653 | Zot:5    | Lost mutation: Potions are less effective at restoring your health. [potion of mutation]
 70653 | Zot:5    | Gained mutation: You are dopey. (Int -2) [potion of mutation]
 70653 | Zot:5    | Lost mutation: You are dopey. (Int -2) [potion of mutation]
 70746 | Zot:5    | Reached skill level 6 in Spellcasting
 71025 | Zot:5    | Got the Orb of Zot
 71147 | Depths:5 | Reached skill level 13 in Charms
 71387 | D:12     | Reached skill level 16 in Stealth
 71481 | D:8      | Noticed Plog the pandemonium lord
 71727 | D:$      | Escaped with the Orb!

Vault maps used:
D:1:      lemuel_arrival_river_bridge, wad_woods_river_04, minivault_25,
          minmay_close_crescents
D:2:      overflow_temple_1_default, first_bread, uniq_terence, uniq_sigmund
D:3:      uniq_robin
D:4:      nicolae_overflow_hidden_temple, minmay_temple_entry_mist,
          uniq_eustachio
D:5:      uniq_blork_the_orc, uniq_pikel, uniq_crazy_yiuf_cottage
D:6:      cheibrodos_sewer_entry_sluice
D:7:      makhleb_heckhound_becter, basic_altar
D:8:      nicolae_overflow_crystal_walls, gammafunk_temple_overflow_claw,
          minmay_lair_entry_lava
D:9:      fiery_altar_vehumet
D:10:     serial_shops, shop, shop, nicolae_shop_temple_entry_statues_fountains,
          nicolae_shop_waterfront, shop
D:11:     kennysheep_blocky_hall, the_bakery, fedhas_altar_decomposition
D:12:     kennysheep_orc_monster_closet_entryway, kennysheep_windowed_goal
D:13:     doesnt_xom_only_xom
D:14:     hangedman_vaults_entry_quadrant_bands, basic_altar, minivault_14
D:15:     grunt_enter_depths_magical_seal, hangedman_decor_opposing
Temple:   zaba_magenta_temple
Lair:1:   portal_ice_cave_entry_pillars_1, st_stairs_10, uniq_gastronok
Lair:2:   beast_lair_carwin_large_2, uniq_sonja
Lair:3:   guppyfry_snake_entry_island
Lair:4:   minmay_swamp_entry_worms, enter_volcano_1,
          nicolae_quartered_pool_medium, zaba_anthell
Lair:5:   beast_lair_carwin_large_1, lemuel_fruit_fields, uniq_snorg,
          uniq_josephine
Lair:6:   gammafunk_lair_ancient_temple, minmay_slime_entry_oklob_enclosed
Swamp:1:  evilmike_swamp_ruin_house_3, uniq_louise, uniq_aizul, uniq_nikola
Swamp:2:  hangedman_swamp_ruin_wall, swamp_pool1
Swamp:3:  nicolae_swamp_trees_clearing, nicolae_swamp_fairy_circle,
          infiniplex_staircase_pool
Swamp:4:  swamp, swamp_pool3, hangedman_swamp_diagram
Snake:1:  minmay_shop_grove, uniq_roxanne
Snake:2:  lemuel_fruit_tree, serial_bayou_shore_a
Snake:3:  cheibrodos_snake_ritualist_ritual, hangedman_snake_corridor_cut,
          uniq_azrael
Snake:4:  snake_pit_salamanders_mu, uniq_asterion, uniq_vashnia
Slime:1:  basic_altar, cheibrodos_slime_lost_civilization_4
Slime:2:  basic_altar
Orc:1:    basic_altar, mines2_david
Orc:2:    grunt_orc_tribal_feast, basic_altar
Elf:1:    orc_legates
Elf:2:    serial_glass, glass_columns_a, glass_columns_b, due_unseen_surprise,
          feat_on_display, unseen_surprise_small, lemuel_flamethrower_3
Elf:3:    minmay_elf_hall_quartered_circle, serial_shops, nicolae_shop_crystal,
          onia_ninara_cookie
Vaults:1: vaults_standard_mumra_lines, v_misc_26, st_lattice,
          nicolae_vaults_specimen_jars, v_alt_pattern_1,
          vaults_mumra_minichess_inversion, uniq_saint_roka
Vaults:2: nicolae_vaults_an_arrangement, ontoclasm_vaults_tryst,
          vaults_room_pools, ontoclasm_vaults_decontamination, v_pattern_2,
          v_rooms_3, nicolae_vaults_shelves_hall, v_alt_pattern_2, v_misc_12,
          ontoclasm_vaults_ring_small, grunt_vaults_twisty, grunt_vaults_funnel,
          uniq_mennas
Vaults:3: vaults_room_door_ring, grunt_vaults_swirl,
          minmay_crypt_entry_skeletal_spiral, vaults_room_corners,
          ontoclasm_vaults_idyll, vaults_dpeg_ring, vaults_mumra_chevron_long,
          v_misc_28, vaults_room_boxed, v_misc_4, nicolae_vaults_sealed_display,
          vaults_room_pools, serial_shops, shop, uniq_xtahua, uniq_jorgrun
Vaults:4: v_misc_8, hangedman_vaults_restitches, hangedman_vaults_variations,
          st_cross, hangedman_vaults_slither, vaults_dpeg_diagonal,
          grunt_vaults_focal, v_misc_5, nicolae_vaults_ring_of_whatevers,
          vaults_dpeg_doors, nicolae_vaults_disjoint_gnomons,
          nicolae_vaults_windows_and_doors_thing, v_misc_13, serial_shops,
          nicolae_shop_statue_plus
Vaults:5: serial_shops
Crypt:1:  st_stairs_12, uniq_donald, uniq_jory, uniq_boris, uniq_mara
Crypt:2:  minmay_shadows
Crypt:3:  evilmike_haunted_forest
Depths:1: pan_entry, minmay_misc_feat_tiny, hangedman_coc_ice_floe,
          minmay_curled_crystal, spider_trap, kennysheep_minor_cross
Depths:2: evilmike_pillar_path, enter_ziggurat_f, hell_entry,
          minmay_misc_feat_hallway, minmay_staircase_bubble
Depths:3: grunt_profane_halls, hell_entry, pan_entry
Depths:4: hangedman_cross_stitches, abyss_entry, corexii_leaking_fountain,
          hell_entry, roderic_lattice_octagonal_star,
          infiniplex_staircase_spiral, minmay_shoptagon, serial_bayou_shore_b,
          firewood_loft
Depths:5: grunt_bruiser_brothers, serial_shops, nicolae_shop_stone,
          grunt_metal_band, hangedman_abyss_entry_splay, door_vault
Zot:1:    grunt_ministairs_13
Zot:3:    basic_stair_grate_trap, grunt_megastairs_2, lemuel_elevator
Zot:4:    st_single_dragon_hoard_4
Sewer:    kennysheep_door_sewer
IceCv:    ice_cave_small_necro
Volcano:  kennysheep_volcano_temple

Skill      XL: |  1  2  3  4  5  6  7  8  9 10 11 12 13 14 15 16 17 18 19 20 21 22 23 24 25 26 27 |
---------------+----------------------------------------------------------------------------------+-----
Maces & Flails | 4 5 7 8 9 10 12 13 14 15 16 | 16.0
Armour         | 2 5 7 8 9 10 11 12 14 15 16 | 16.0
Fighting       | 4 6 8 9 10 11 12 13 14 15 16 | 16.0
Invocations    | 3 6 8 10 12 13 15 16 17 | 17.0
Evocations     | 2 3 5 6 8 9 10 12 14 15 16 | 16.0
Dodging        | 4 6 7 9 10 11 13 15 16 | 16.0
Throwing       | 6 9 10 11 13 14 15 16 | 16.0
Shields        | 5 8 10 11 13 15 | 15.0
Air Magic      | 3 5 6 7 8 |  8.0
Translocations | 3 5 6 7 8 |  8.0
Charms         | 2 4 6 7 8 9 13 | 13.1
Spellcasting   | 2 4 5 6 |  6.5
Earth Magic    | 4 7 8 |  8.0
Transmutations | 4 7 8 |  8.0
Stealth        | 2 7 11 16 | 16.0
Necromancy     | 5 8 13 | 13.5

Action                   |  1- 3 |  4- 6 |  7- 9 | 10-12 | 13-15 | 16-18 | 19-21 | 22-24 | 25-27 || total
-------------------------+-------+-------+-------+-------+-------+-------+-------+-------+-------++-------
Melee: Mace              |    12 |       |    43 |       |       |       |       |       |       ||    55
       Headbutt          |    11 |    28 |    82 |   212 |   293 |   602 |   581 |   775 |   994 ||  3578
       Dagger            |    63 |       |   130 |       |       |       |       |       |       ||   193
       Scythe            |       |   205 |    40 |       |       |       |       |       |       ||   245
       Quarterstaff      |       |       |    47 |       |       |       |       |       |       ||    47
       Dire flail        |       |       |   127 |   855 |   377 |       |       |       |       ||  1359
       Demon whip        |       |       |       |       |   750 |  1789 |  1780 |  1009 |   649 ||  5977
       Scimitar          |       |       |       |       |     6 |       |       |       |       ||     6
       Broad axe         |       |       |       |       |     6 |    89 |       |       |       ||    95
       Sacred scourge    |       |       |       |       |       |       |    96 |  1049 |   101 ||  1246
       Eveningstar       |       |       |       |       |       |       |       |       |  1702 ||  1702
Throw: Javelin           |       |       |       |    10 |       |       |       |       |       ||    10
 Cast: Blink             |       |       |       |       |       |       |       |     1 |       ||     1
       Apportation       |       |       |       |       |       |       |       |       |     4 ||     4
       Regeneration      |       |       |       |       |       |       |       |       |    17 ||    17
Invok: Line Pass         |       |       |       |     4 |       |     2 |       |     3 |       ||     9
       Stomp             |       |       |       |     3 |     1 |     5 |     5 |     2 |     5 ||    21
       Grand Finale      |       |       |       |       |     3 |     3 |     7 |    10 |    10 ||    33
Evoke: Wand              |       |       |       |       |     3 |     1 |     1 |    10 |     5 ||    20
  Use: Scroll            |       |       |    10 |    17 |     7 |     9 |    14 |    26 |    53 ||   136
       Potion            |       |       |     1 |     1 |     2 |     8 |    13 |    12 |    13 ||    50
 Stab: Paralysed         |       |       |       |    54 |   108 |   186 |   233 |   230 |   299 ||  1110
       Confused          |       |       |       |       |       |     3 |       |     2 |       ||     5
       Distracted        |       |       |       |       |       |       |       |       |     5 ||     5
       Sleeping          |       |       |       |       |       |       |       |       |    13 ||    13
  Eat: Chunk             |       |     7 |    10 |    15 |    32 |    32 |    24 |       |     6 ||   126
       Fruit             |       |       |     2 |       |       |     9 |     6 |     1 |    10 ||    28
       Royal jelly       |       |       |       |     2 |       |     1 |     2 |     2 |     4 ||    11
       Bread ration      |       |       |       |     2 |     1 |       |       |     3 |     4 ||    10
       Meat ration       |       |       |       |       |       |       |     3 |     5 |     4 ||    12
Armor: Robe              |     3 |       |       |       |       |       |       |       |       ||     3
       Plate armour      |    42 |   227 |   234 |   349 |   118 |       |       |       |       ||   970
       Chain mail        |       |       |       |    32 |   278 |   691 |   526 |   365 |   503 ||  2395
       Pearl dragon scal |       |       |       |       |       |       |       |       |     2 ||     2
Dodge: Dodged            |    21 |    85 |   137 |   213 |   402 |   867 |   919 |   620 |   886 ||  4150
Block: Other             |       |       |       |    32 |    25 |       |       |       |       ||    57
       Reflection        |       |       |       |       |     2 |       |       |    35 |    57 ||    94
       Shield            |       |       |       |       |       |       |       |   681 |  1074 ||  1755
       Rpst.: Scimitar   |       |       |       |       |     1 |       |       |       |       ||     1
